 Dungeon Crawl Stone Soup version 0.29.1-1-gd02db6906a (webtiles) character file.

Game seed: 1933841529064313840

26 Pepete the Shield-Bearer (level 3, -3/29 HPs)
             Began as a Formicid Fighter on Oct 13, 2022.
             Killed by divine providence
             ... invoked by an orc priest
             ... summoned by the darkness of Dithmenos
              (15 damage)
             ... on level 1 of the Dungeon.
             The game lasted 00:02:08 (826 turns).

Pepete the Shield-Bearer (Formicid Fighter)          Turns: 826, Time: 00:02:09

Health: -3/29      AC:  7    Str: 22    XL:     3   Next: 22%
Magic:  3/3        EV:  9    Int:  7    God:
Gold:   45         SH:  5    Dex: 13    Spells: 2/2 levels left

rFire   . . .      SeeInvis +   a - +0 war axe
rCold   . . .      Faith    .   c - +0 buckler
rNeg    . . .      Spirit   .   b - +0 scale mail
rPois   .          Reflect  .   (helmet unavailable)
rElec   .          Harm     .   (no cloak)
rCorr   .          Rampage  .   (no gloves)
Will    .....                   (no boots)
Stlth   ..........              (no amulet)
HPRegen 0.09/turn               (no ring)
MPRegen 0.08/turn               (no ring)

@: no status effects
A: permanent stasis, dig shafts and tunnels, antennae 3, four strong arms
a: Dig, Shaft Self


You were on level 1 of the Dungeon.
You visited 1 branch of the dungeon, and saw 1 of its levels.

You collected 45 gold pieces.

Inventory:

Hand Weapons
 a - a +0 war axe (weapon)
Armour
 b - a +0 scale mail (worn)
 c - a +0 buckler (worn)
Scrolls
 f - a scroll of fear {unknown}
 g - a scroll of enchant armour {unknown}
Potions
 d - a potion of might
 e - a potion of cancellation {unknown}


   Skills:
 * Level 3.6 Fighting
 * Level 2.3 Axes
 * Level 3.7 Armour
 * Level 4.4 Shields


You had 2 spell levels left.
You didn't know any spells.
Your spell library was empty.

Dungeon Overview and Level Annotations

Branches:
Dungeon (1/15)

Altars:
Dithmenos


Innate Abilities, Weirdness & Mutations

You cannot be hasted, slowed, berserked, paralysed or teleported.
You can dig through walls and to a lower floor.
You have a pair of large antennae on your head. (SInv)
Your four strong arms can wield two-handed weapons with a shield.


Message History

You closely miss the kobold. The gnoll hits you with a +0 whip.
The kobold hits you with a +0 club.
You hit the gnoll.
The gnoll is heavily wounded.
You hit the kobold.
You kill the kobold!
You block the gnoll's attack.
You slash the gnoll!
You kill the gnoll!
You have reached level 3!
Your experience leads to an increase in your attributes!
Increase (S)trength, (I)ntelligence, or (D)exterity?
You feel stronger. x2
You start resting.
Dithmenos weaves monsters from the shadows.
There are monsters nearby!
There are monsters nearby!
There are monsters nearby!
There are monsters nearby!
The orc shouts!
Found a runed orb.
You block the wight's attack.
You hit the wight.
The wight is moderately damaged.
The wight disappears in a puff of smoke!
You block the wight's attack.
You closely miss the wight.
The wight is moderately damaged.
The wight completely misses you.
You closely miss the wight.
The wight is moderately damaged.
The wight disappears in a puff of smoke!
You closely miss the orc warrior. The wight closely misses you.
The orc warrior hits you with a +0 flail!
You barely miss the orc warrior.
The orc disappears in a puff of smoke!
The orc warrior barely misses you.
The orc priest calls down the wrath of Dithmenos upon you.
Dithmenos smites you!
Ouch! That really hurt!
You die...

#........#^^^##...........'......
#...#.#..........###...####..#†8.
#........######..# #...# #..##..
#..#.##########..# #...# #.####)
#..#.##........o.###...####.#####
.........z.....§o..'...'.........
#..#.##.########z###...##.#.#####
#..#.##.########o# ######........
#. #.#.{{....{##@# ###...... #.
#.#{{#####.##.# ############## #
#.#.{# #.##.# #............. #
#.#..#####.##.# #.############
#[.###z†......##.# #.#.........
#.............{..# #.#.########
#.####.........#####...#####
#...{..........+.............
##.##o.........####...#...###


You could see an orc warrior (summoned), a wight (summoned), an orc priest
(summoned) and an orc (summoned).

Vanquished Creatures
  A gnoll (D:1)
  2 dart slugs (D:1)
  A ball python (D:1)
  3 endoplasms (D:1)
  A hobgoblin (D:1)
  A quokka (D:1)
  2 kobolds (D:1)
  2 rats (D:1)
13 creatures vanquished.

Notes
Turn   | Place    | Note
-------+----------+-------------------------------------------
     0 | D:1      | Pepete the Formicid Fighter began the quest for the Orb.
     0 | D:1      | Reached XP level 1. HP: 18/18 MP: 1/1
   122 | D:1      | Reached XP level 2. HP: 22/24 MP: 2/2
   216 | D:1      | Found a faded altar of an unknown god.
   699 | D:1      | Prayed at the altar of an unknown god.
   699 | D:1      | Became a worshipper of Dithmenos the Shadowed
   699 | D:1      | Reached * piety under Dithmenos
   706 | D:1      | Fell from the grace of Dithmenos
   761 | D:1      | Reached XP level 3. HP: 19/29 MP: 3/3
   795 | D:1      | Noticed an orc warrior
   795 | D:1      | Noticed a wight
   795 | D:1      | Noticed a wight
   795 | D:1      | Noticed a wight
   795 | D:1      | Noticed a wight
   795 | D:1      | Noticed a wight
   826 | D:1      | Killed from afar by an orc priest

Illustrated notes

Levels and vault maps discovered:
D:1:      lemuel_arrival_hallway, layout_basic, serial_glass, glass_columns_b,
          glass_columns_a, ebering_ecumenical_altar_webs,
          wad_floor_pattern_untrapped

Action                   || total
-------------------------++-------
Melee: War axe           ||    32
Invok: Renounce Religion ||     1
Armor: Scale mail        ||     7
Dodge: Dodged            ||     9
Block: Buckler           ||     9
